Map: Dusk Towers

Players

Ryuu

  • Race: Zerg Zerg
  • League: Master

Miszu - Winner!

  • Race: Terran Terran
  • League: Master

VOD

Have the link to the VOD?

Description

Time

  • Played on: July 3, 2016, 10:53 a.m.
  • Length: 3:17
Show
View Real Time Build Order
Export as new Build Order

Ryuu Zerg 

Build Orders: Pool Only 

Get SALT Encoding   

  12  0:18  Spawning Pool  
  11  0:22  Drone  
  11  0:26  Drone  
  13  0:31  Drone  
  14  0:36  Extractor  
  14  0:37  Drone  
  14  0:47  Overlord  
  14  0:52  Extractor  
  14  0:55  Drone  
  14  1:06  Drone  
  15  1:15  Roach Warren  
  14  1:55  Roach x3  
  20  2:06  Overlord  
  20  2:14  Ravager x2  
  22  2:17  Spore Crawler  
  22  2:18  Ravager  
  23  2:24  Roach  
  23  2:28  Roach  
  27  2:39  Roach  
  29  2:49  Overlord  
Show
View Real Time Build Order
Export as new Build Order

Miszu Terran - Winner!

Build Orders:  

Get SALT Encoding   

  12  0:00  SCV  
  13  0:13  SCV  
  14  0:19  Supply Depot  
  14  0:25  SCV  
  15  0:41  SCV  
  16  0:42  Barracks  
  16  0:45  Refinery  
  16  0:53  SCV  
  17  1:05  SCV  
  17  1:06  Barracks  
  18  1:17  SCV  
  19  1:24  Refinery  
  19  1:29  SCV  
  19  1:30  Reaper  
  21  1:33  Barracks  
  21  1:42  Supply Depot  
  21  1:48  SCV  
  22  1:54  Reaper  
  23  2:04  Reaper  
  24  2:12  Supply Depot  
  24  2:18  Orbital Command  
  24  2:22  Reaper  
  25  2:26  Reaper  
  26  2:36  Reaper  
  26  2:45  SCV  
  30  2:58  SCV  
Tags
 
Add a new tag
Caveats
  • Supply blocks, unpowered buildings, or Contaminate may cause inaccurate times.
  • Supply counts are checked every 10 seconds.